AoeStats
← Draconian946

Nomad

511178564Analyzed
2v2 RM · 15d ago on Oct 4, 2026· 48m 33s· 4 players
Game mode
Random Map
Map size
176×176
Population
200
Speed
Normal
Resources
Standard
Victory
Conquest
Starting age
Dark Age
Ending age
Imperial Age
RankedLock teamsTeams togetherTeam positionsShared explorationLock speedFull tech treeHidden civsTurbo modeCheats
Victory
Defeat
🇺🇸 Italians · United States
1323
+14
🇺🇸 Persians · United States
1291
+16
vs
🇦🇷 Bohemians · Argentina
1322
-16
🇦🇷 Ethiopians · Argentina
1254
-14
AASC | Brunito
10:49 Loom
13:17 Feudal Age
18:05 Castle Age
17:52 Double-Bit Axe
20:30 Bow Saw
29:09 Imperial Age
28:17 Chemistry
31:02 Town Watch
42:17 Light Cavalry
45:01 Scale Barding Armor
48:53 Chain Barding Armor
AASC | TITO_PUENTE
5:52 Loom
12:59 Feudal Age
15:27 Town Watch
18:07 Castle Age
16:33 Fletching
16:52 Double-Bit Axe
18:21 Crossbowman
19:21 Bodkin Arrow
20:41 Padded Archer Armor
25:18 Thumb Ring
28:50 Wheelbarrow
28:15 Town Patrol
31:04 Leather Archer Armor
36:05 Imperial Age
36:01 Ballistics
36:11 Arbalester
36:58 Bracer
37:56 Ring Archer Armor
39:00 Chemistry
38:57 Horse Collar
42:33 Murder Holes
42:43 Siege Engineers
43:09 Conscription
Draconian946
5:53 Loom
13:10 Feudal Age
13:37 Double-Bit Axe
17:26 Castle Age
15:28 Fishing Lines
18:16 Bow Saw
20:53 Fletching
21:39 Medium Warships
22:16 Horse Collar
23:11 Heavy Plow
25:48 Elite Skirmisher
26:56 Bodkin Arrow
27:01 Padded Archer Armor
30:59 Imperial Age
29:34 Wheelbarrow
30:28 Leather Archer Armor
30:58 Hand Cart
31:22 Ballistics
33:32 Bracer
35:38 Two-Man Saw
34:31 Gold Mining
35:13 Conscription
36:28 Chemistry
36:54 Ring Archer Armor
36:53 Squires
36:39 Arson
36:57 Scale Mail Armor
37:07 Forging
38:42 Thumb Ring
39:11 Chain Mail Armor
39:32 Crop Rotation
42:00 Plate Mail Armor
42:06 Iron Casting
44:27 Treadmill Crane
44:57 Masonry
45:24 Hoardings
45:55 Blast Furnace
45:14 Town Watch
45:24 Stone Mining
46:12 Town Patrol
46:28 Elite Genoese Crossbowman
48:25 Architecture
48:20 Silk Road
48:40 Stone Shaft Mining
49:14 Pirotechnia
CHKNDUCK
4:41 Loom
13:30 Feudal Age
14:10 Double-Bit Axe
14:03 Man-at-Arms
14:35 Arson
16:13 Horse Collar
17:50 Wheelbarrow
23:15 Castle Age
21:30 Stone Mining
26:57 Hand Cart
28:25 Bloodlines
33:01 Scale Barding Armor
33:07 Forging
33:06 Husbandry
33:26 Town Watch
34:30 Fletching
40:55 Coinage
42:12 Fervor
44:51 Fishing Lines
47:01 Bow Saw
48:15 Gillnets
49:00 Medium Warships
Connection lost

Rejoining the realm…

Still unreachable

The connection could not be restored.

Session expired

The server has moved on; the page needs a fresh start.